 Dungeon Crawl Stone Soup version 0.29.0-15-g675c0067aa (webtiles) character file.

Game seed: 9843948176641091890

203 concernfroge the Trooper (level 5, 0/47 HPs)
             Began as a Mummy Monk on Sept 11, 2022.
             Slain by a mummy (7 damage)
             ... in an ossuary.
             The game lasted 00:08:05 (2972 turns).

concernfroge the Trooper (Mummy Monk)               Turns: 2972, Time: 00:08:06

Health: 0/47       AC:  9    Str: 16    XL:     5   Next: 51%
Magic:  5/5        EV:  7    Int: 14    God:
Gold:   95         SH:  0    Dex: 14    Spells: 4/4 levels left

rFire   x . .      SeeInvis .   l - +1 flail "Wig Pezu" {freeze, rCorr Int+4}
rCold   + . .      Faith    .   (no shield)
rNeg    + + +      Spirit   .   h - +0 chain mail
rPois   ∞          Reflect  .   j - +0 helmet
rElec   .          Harm     .   (no cloak)
rCorr   +          Rampage  .   (no gloves)
Will    .....                   (no boots)
Stlth   ..........              (no amulet)
HPRegen 0.15/turn               (no ring)
MPRegen 0.09/turn               (no ring)

@: no status effects
A: cold resistance 1, negative energy resistance 3, torment resistance 2, heat
vulnerability 1, in touch with death 1, no potions
a: no special abilities


You were in an ossuary.
You visited 1 branch of the dungeon, and saw 4 of its levels.
You also visited: Ossuary.

You collected 170 gold pieces.
You spent 75 gold pieces at shops.

Inventory:

Hand Weapons
 a - a +1 spear
 l - the +1 flail "Wig Pezu" (weapon) {freeze, rCorr Int+4}
   (You found it on level 3 of the Dungeon)

   It freezes those it strikes, dealing additional cold damage.
   It can also slow down cold-blooded creatures.
   Int:       It affects your intelligence (+4).
   rCorr:     It protects you from acid and corrosion.
Missiles
 c - 5 poisoned darts (quivered)
 i - 2 atropa-tipped darts
 m - 3 curare-tipped darts
Armour
 h - a +0 chain mail (worn)
 j - a +0 helmet (worn)
Wands
 f - a wand of polymorph (7)
Scrolls
 b - 2 scrolls of vulnerability
 d - a scroll of fear
 e - 2 scrolls of immolation
 k - a scroll of identify
 o - a scroll of enchant armour {unknown}


   Skills:
 + Level 6.3 Fighting
 - Level 2.4 Polearms
 - Level 2.4 Dodging
 - Level 1.5 Stealth


You had 4 spell levels left.
You didn't know any spells.
Your spell library contained the following spells:

 Spells                   Type           Power      Damage    Failure   Level
 Ignite Poison            Fire/Tmut/Pois 0%         N/A       100%        3
 Mephitic Cloud           Conj/Pois/Air  0%         N/A       100%        3
 Freezing Cloud           Conj/Ice/Air   0%         6-21      100%        5


Dungeon Overview and Level Annotations

Branches:
Dungeon (4/15)            Ossuary (1/1)
 Temple: D:4-7

Altars:

Shops:
D:3 *(*[


Innate Abilities, Weirdness & Mutations

You are immune to poison.
Your flesh is cold resistant. (rC+)
You are immune to negative energy. (rN+++)
You are immune to unholy pain and torment.
You are vulnerable to heat. (rF-)
You are in touch with the powers of death.
You do not drink.


Message History

The centaur zombie kicks you but does no damage.
The hobgoblin zombie hits you but does no damage.
The centaur zombie hits you but does no damage.
The centaur zombie closely misses you.
You hit the centaur zombie.
The centaur zombie is heavily damaged.
The centaur zombie closely misses you.
The centaur zombie kicks you but does no damage.
The mummy barely misses you. The hobgoblin zombie barely misses you.
The mummy hits you.
The centaur zombie hits you but does no damage.
The centaur zombie kicks you but does no damage.
You thump the centaur zombie!
The centaur zombie is almost destroyed.
The hobgoblin zombie hits you but does no damage.
The centaur zombie barely misses you. The centaur zombie kicks you.
The mummy hits you but does no damage. The mummy hits you!
* * * LOW HITPOINT WARNING * * *
The air fills with toxic fumes!
As you read the scroll labelled XOBANO SOPTONA, it crumbles to dust.
It was a scroll of poison.
The centaur zombie completely misses you.
The centaur zombie kicks you but does no damage.
The hobgoblin zombie hits you but does no damage.
The mummy hits you but does no damage.
The centaur zombie hits you but does no damage.
The centaur zombie kicks you but does no damage.
The mummy barely misses you.
As you read the scroll labelled DEPIMI XAON, it crumbles to dust.
It is a scroll of identify.
b - 2 scrolls of vulnerability The hobgoblin zombie barely misses you.
The centaur zombie closely misses you.
The centaur zombie kicks you but does no damage.
As you read the scroll labelled VUHADE ASSOPOC, it crumbles to dust.
It is a scroll of enchant weapon.
Your +0 spear glows red for a moment.
The centaur zombie hits you.
* * * LOW HITPOINT WARNING * * *
The centaur zombie kicks you but does no damage.
The mummy hits you!
You die...

#
###########.#
##§M§§§§§§§§..
#§§§@Z§§§§§§..
#§§§MZ§§§§§§.^
#§§§§§§§§§§§.^
##§§§§§§§§§§..
###########.#
#


You could see 2 mummies, a hobgoblin zombie and a centaur zombie.

Vanquished Creatures
  A scorpion (D:4)
  A hound (D:3)
  Terence (D:2)
  A mummy (Ossuary)
  A worm (D:2)
  2 dart slugs
  4 endoplasms
  A giant cockroach (D:1)
  11 goblins
  5 hobgoblins (D:1)
  10 jackals
  6 kobolds
  2 quokkas (D:1)
  4 ball pythons
  8 bats
  4 frilled lizards
  5 rats
67 creatures vanquished.

Vanquished Creatures (others)
  3 fungi (D:1)
3 creatures vanquished.

Grand Total: 70 creatures vanquished

Notes
Turn   | Place    | Note
-------+----------+-------------------------------------------
     0 | D:1      | concernfroge the Mummy Monk began the quest for the Orb.
     0 | D:1      | Reached XP level 1. HP: 18/18 MP: 1/1
   128 | D:1      | Reached XP level 2. HP: 12/24 MP: 2/2
   310 | D:1      | Found a faded altar of an unknown god.
   590 | D:1      | Reached skill level 4 in Fighting
   639 | D:1      | Gained mutation: You are in touch with the powers of death.
                  | [Mummy growth]
   639 | D:1      | Reached XP level 3. HP: 30/30 MP: 3/3
  1491 | D:2      | Noticed Terence
  1541 | D:2      | Killed Terence
  1542 | D:2      | Reached skill level 5 in Fighting
  1542 | D:2      | Reached XP level 4. HP: 10/39 MP: 4/4
  1955 | D:3      | Found Huots's Antique Armour Emporium.
  2366 | D:3      | Identified the +1 flail "Wig Pezu" {freeze, rCorr Int+4}
  2438 | D:3      | Found Cenkag's General Store.
  2462 | D:3      | Found Gyutab's Weapon Emporium.
  2470 | D:3      | Bought 3 curare-tipped darts for 21 gold pieces
  2472 | D:3      | Found Warraapsuo's Assorted Antiques.
  2502 | D:3      | Bought a scroll labelled VUHADE ASSOPOC for 27 gold pieces
  2502 | D:3      | Bought a scroll labelled NAEBLE IKENE for 27 gold pieces
  2865 | D:4      | Noticed a scorpion
  2881 | D:4      | Killed a scorpion
  2882 | D:4      | Reached skill level 6 in Fighting
  2882 | D:4      | Reached XP level 5. HP: 37/46 MP: 5/5
  2947 | D:4      | Found a sand-covered staircase.
  2957 | Ossuary  | Entered an ossuary
  2972 | Ossuary  | Slain by a mummy

Illustrated notes

Levels and vault maps discovered:
D:1:      mrwooster_arrival_statue, layout_loops_ring,
          shapermc_ecumenical_altar_ellora, serial_park_tiny_2,
          hangedman_decor_clover_reticule
D:2:      layout_basic, uniq_terence
D:3:      layout_loops_cross, mainiacjoe_overflow_tiny_flanked, serial_shops,
          shop, nicolae_shop_window_shopping, shop,
          nicolae_shop_temple_entry_statues_fountains
D:4:      layout_loops_ring, nicolae_qazlal_scattered_showers, temple_green,
          lightli_ossuary_entry_decrepit_ruins, minmay_misc_feat_pillars
Ossuary:  ossuary_the_hunt_dpeg

Skill      XL: |  1  2  3  4 |
---------------+-------------+-----
Fighting       | 4 5 6 |  6.3
Polearms       | |  2.4
Dodging        | |  2.4
Stealth        | |  1.5

Action                   |  1- 3 |  4- 6 || total
-------------------------+-------+-------++-------
Melee: Spear             |   181 |    38 ||   219
       Punch             |     3 |     1 ||     4
       Flail             |       |    27 ||    27
Throw: Dart              |    12 |     4 ||    16
  Use: Scroll            |     3 |     4 ||     7
 Stab: Distracted        |     1 |       ||     1
       Sleeping          |     1 |       ||     1
Armor: Robe              |     4 |       ||     4
       Chain mail        |    95 |    53 ||   148
Dodge: Dodged            |    67 |    36 ||   103
